 Dungeon Crawl Stone Soup version 0.31-a0-1338-gb567cfdca4 (webtiles) character file.

Game seed: 10275862211614834866

124 Laraso the Slasher (level 4, 0/36 HPs)
             Began as a Draconian Gladiator on Dec 22, 2023.
             Slain by a gnoll
             ... wielding a +1 halberd of freezing
              (3 damage)
             ... on level 2 of the Dungeon.
             The game lasted 00:03:26 (1701 turns).

Laraso the Slasher (Draconian Gladiator)            Turns: 1701, Time: 00:03:26

Health: 0/36       AC:  5    Str: 17    XL:     4   Next: 81%
Magic:  4/4        EV: 12    Int:  8    God:
Gold:   117        SH:  0    Dex: 14    Spells: 3/3 levels left

rFire   . . .        a - +0 long sword
rCold   . . .        (no shield)
rNeg    . . .        (body armour unavailable)
rPois   .            b - +0 hat
rElec   .            (no cloak)
rCorr   .            (no gloves)
SInv    .            (no boots)
Will    .....        (no amulet)
Stlth   +            (no ring)
HPRegen 0.26/turn    (no ring)
MPRegen 0.09/turn

%: no passive effects
@: no status effects
A: AC +5, unfitting armour, cold-blooded
a: no special abilities


You were on level 2 of the Dungeon.
You visited 1 branch of the dungeon, and saw 2 of its levels.

You collected 117 gold pieces.

Inventory:

Hand Weapons
 a - a +0 long sword (weapon)
Missiles
 c - 2 throwing nets (quivered)
 d - 7 javelins
Armour
 b - a +0 hat (worn)
Jewellery
 i - a ring of positive energy
Scrolls
 e - a scroll of teleportation {unknown}
 j - a scroll of amnesia {unknown}
 k - a scroll of vulnerability {unknown}
Potions
 f - a potion of haste {unknown}
 g - a potion of might
 h - a potion of curing {unknown}


   Skills:
 - Level 2.1 Fighting
 * Level 5.6 Long Blades
 - Level 1.7 Throwing
 - Level 2.6 Dodging


You had 3 spell levels left.
You didn't know any spells.
Your spell library contained the following spells:

 Spells                   Type           Power      Damage    Failure   Level
 Summon Guardian Golem    Hex/Summ       0%         N/A       78%         3
 Orb of Destruction       Conj           0%         9d5       100%        7
 Spellforged Servitor     Conj/Summ      0%         N/A       100%        7


Dungeon Overview and Level Annotations

Branches:
Dungeon (2/15)

Altars:

Shops:
D:1 [


Innate Abilities, Weirdness & Mutations

Your plain brown scales are hard. (AC +5)
You cannot fit into any form of body armour.
You are cold-blooded and may be slowed by cold attacks.


Message History

You see here a +0 halberd.
There is a stone staircase leading down here.
You see here a +0 halberd.
You see here a +0 scale mail.
There is a stone staircase leading down here.
You climb downwards.
There is a stone staircase leading up here.
j - a scroll labelled ZOLEOSO PACS You enter the shallow water.
Moving in this stuff is going to be slow.
k - a scroll labelled JOAJID QAXZODD
There are monsters nearby!
The gnoll shouts! x2
The gnoll attacks as it pursues you!
The gnoll hits you from afar with a +1 halberd of freezing!
The gnoll freezes you. The gnoll attacks as it pursues you!
The gnoll closely misses you. The gnoll attacks as it pursues you!
The gnoll hits you from afar with a +1 halberd of freezing!
You feel yourself slow down. The gnoll freezes you.
* * * LOW HITPOINT WARNING * * *
You feel yourself speed up. The gnoll attacks as it pursues you!
The gnoll hits you but does no damage.
There are no items here.
The gnoll attacks as it pursues you!
The gnoll hits you from afar with a +1 halberd of freezing.
* * * LOW HITPOINT WARNING * * *
The gnoll freezes you.
* * * LOW HITPOINT WARNING * * *
The gnoll attacks as it pursues you! The gnoll misses you.
The gnoll attacks as it pursues you! The gnoll barely misses you.
The gnoll attacks as it pursues you!
The gnoll hits you from afar with a +1 halberd of freezing.
* * * LOW HITPOINT WARNING * * *
The gnoll freezes you.
* * * LOW HITPOINT WARNING * * *
The gnoll attacks as it pursues you! The gnoll barely misses you.
The gnoll attacks as it pursues you!
The gnoll hits you from afar with a +1 halberd of freezing.
You die...

.....#######.~#≈≈≈≈≈#~)##.....##
.....# #....≈≈≈≈≈≈≈≈~..#...~..##
.....####.###.#########.....≈≈...
.....##...# #....#### ##...~≈~~~.
.....#..### ####....# #....~≈≈##+
....g#.## ####.# #[##~~≈≈#..
####...# #.###÷##~≈≈≈#._
.....##############.....#.≈≈≈≈#..
.##.........g.g.@..........≈≈≈###
.##################.....#.#≈≈≈≈≈≈
.# #....# ##.##...(#≈≈≈≈≈≈
.###....# ####..##....##≈≈≈≈≈
...#....# #....###..#.## #≈~
#..†....# #.#####...#..## ##.
#..#....# ####.# #...#.##..# #..
##......# #....# #.##..###.###.#
##.##..# #.######.#..####.....#


You could see 2 gnolls.

Vanquished Creatures
  Terence (D:2)
  2 adders (D:2)
  A gnoll (D:1)
  2 worms (D:2)
  A dart slug (D:1)
  5 orcs (D:2)
  5 ball pythons
  3 endoplasms
  A giant cockroach (D:1)
  5 goblins
  7 hobgoblins
  4 jackals (D:2)
  6 kobolds
  3 quokkas (D:1)
  5 bats
  A frilled lizard (D:1)
  4 rats
56 creatures vanquished.

Notes
Turn   | Place    | Note
-------+----------+-------------------------------------------
     0 | D:1      | Laraso the Draconian Gladiator began the quest for the Orb.
     0 | D:1      | Reached XP level 1. HP: 17/17 MP: 1/1
    59 | D:1      | Found Yciuchar's Antique Armour Emporium.
   159 | D:1      | Reached XP level 2. HP: 24/24 MP: 2/2
   374 | D:1      | Reached skill level 4 in Long Blades
   645 | D:1      | Reached XP level 3. HP: 28/29 MP: 3/3
  1026 | D:2      | Reached XP level 4. HP: 32/36 MP: 4/4
  1032 | D:2      | Reached skill level 5 in Long Blades
  1205 | D:2      | Noticed Terence
  1218 | D:2      | Killed Terence
  1328 | D:2      | Found a faded altar of an unknown god.
  1701 | D:2      | Slain by a gnoll

Illustrated notes

Levels and vault maps discovered:
D:1:      scummos_arrival_forest, layout_basic, serial_shops, shop
D:2:      layout_rooms, nicolae_ecumenical_lake_church, minmay_crystal_water,
          uniq_terence

Skill      XL: |  1  2  3  4 |
---------------+-------------+-----
Long Blades    | 4 5 |  5.6
Fighting       | |  2.1
Throwing       | |  1.7
Dodging        | |  2.6

Action                     |  1- 3 |  4- 6 || total
---------------------------+-------+-------++-------
  Melee: Long sword        |   115 |    49 ||   164
         Tailslap          |    12 |     3 ||    15
  Throw: Throwing net      |       |     2 ||     2
    Use: Potion            |       |     1 ||     1
   Stab: Held in net/web   |       |     1 ||     1
 Armour: Skin              |    74 |    29 ||   103
  Dodge: Dodged            |    88 |    43 ||   131

Table legend: (Time is in decaauts)
 A = Elapsed time spent in this place.
 B = Non-inter-level travel time spent in this place.
 C = Inter-level travel time spent in this place.
 D = Time resting spent in this place.
 E = Time spent auto-exploring this place.
 F = Levels seen in this place.
 G = Mean time per level.
                   A        B        C        D        E       F      G
               +--------+--------+--------+--------+--------+-----+--------+
         Total |   1741 |   1662 |     79 |    296 |    923 |   2 |  870.5 |
       Dungeon |   1741 |   1662 |     79 |    296 |    923 |   2 |  870.5 |
               +--------+--------+--------+--------+--------+-----+--------+

Top non-repeatable levels by time:
     D:1: 906 daAuts
     D:2: 834 daAuts
